 Dungeon Crawl Stone Soup version 0.27-a0-1177-g245c70e1c0 (webtiles) character file.

Game seed: 11722916829770833589

7575 bilbop the Thaumaturge (level 11, -19/78 HPs)
             Began as a Djinni Venom Mage on May 16, 2021.
             Was a Believer of Yredelemnul.
             Killed by refrigeration
             ... invoked by Fannar
              (49 damage)
             ... on level 11 of the Dungeon.
             The game lasted 00:51:59 (13298 turns).

bilbop the Thaumaturge (Djinni Venom Mage)         Turns: 13298, Time: 00:52:00

Health: -19/78     AC:  9    Str:  7    XL:     11   Next: 39%
Gold:   627        EV: 16    Int: 19    God:    Yredelemnul [**....] SH:  0 Dex: 15

rFire    + + .     SeeInvis .   h - +3 dagger (venom)
rCold    x . .     Faith    .   (no shield)
rNeg     . . .     Spirit   .   F - +0 steam dragon scales
rPois    ∞         Reflect  .   m - +2 hat
rElec    .         Harm     .   C - +0 cloak
rCorr    .         Rampage  .   l - +0 pair of gloves
Will     +....                  (boots unavailable)
Stlth    +++.......             (no amulet)
HPRegen  0.23/turn              t - +4 ring of slaying
MPRegen  0.00/turn              e - +4 ring of evasion

@: flying
A: sickness immunity, fire resistance 2, cold vulnerability 1, float, innate
caster, hp casting, extra vitality 1
a: Renounce Religion, Animate Remains, Recall Undead Slaves, Injury Mirror


You were on level 11 of the Dungeon.
You worshipped Yredelemnul.
Yredelemnul was pleased with you.
You visited 2 branches of the dungeon, and saw 12 of its levels.

You collected 627 gold pieces.

Inventory:

Hand Weapons
 h - a +3 dagger of venom (weapon)
 o - a +0 hunting sling
Missiles
 E - 4 curare-tipped darts
Armour
 i - a +0 leather armour
 l - a +0 pair of gloves (worn)
 m - a +2 hat (worn)
 s - a +0 helmet
 C - a +0 cloak (worn)
 F - +0 steam dragon scales (worn)
Jewellery
 e - a +4 ring of evasion (right hand)
 t - a +4 ring of slaying (left hand)
 z - a ring of poison resistance
Wands
 f - a wand of acid (7)
 B - a wand of digging (6)
 G - a wand of polymorph (11)
Scrolls
 b - a scroll of fog
 c - 7 scrolls of teleportation
 n - 2 scrolls of brand weapon {unknown}
 p - a scroll of fear
 q - a scroll of magic mapping {unknown}
 u - a scroll of summoning
 y - a scroll of immolation {unknown}
 D - a scroll of acquirement {unknown}
 H - 3 scrolls of enchant armour {unknown}
Potions
 a - 2 potions of magic {unknown}
 d - 3 potions of ambrosia {unknown}
 g - 2 potions of heal wounds
 j - a potion of might {unknown}
 k - 3 potions of brilliance {unknown}
 r - a potion of degeneration {unknown}
 v - 2 potions of lignification {unknown}
 w - a potion of attraction {unknown}
 x - 2 potions of mutation {unknown}
 A - a potion of haste {unknown}


   Skills:
 + Level 6.8 Fighting
 + Level 5.2(5.6) Short Blades
 - Level 3.0(4.5) Long Blades
 - Level 2.1 Dodging
 + Level 6.5 Stealth
 * Level 8.0 Spellcasting
 + Level 6.7 Invocations


You couldn't memorise any spells.
You knew the following spells:

 Your Spells              Type           Power      Damage    Failure   Level
a - Sting                 Tmut/Pois      100%       1d8       1%          1
b - Poisonous Vapours     Pois/Air       76%        N/A       1%          2
c - Mephitic Cloud        Conj/Pois/Air  38%        N/A       1%          3
d - Ignite Poison         Fire/Tmut/Pois 38%        N/A       1%          3
e - Olgreb's Toxic Radia  Pois           38%        N/A       3%          4
f - Animate Skeleton      Necr           76%        N/A       1%          1
g - Call Imp              Summ           38%        N/A       1%          2
h - Call Canine Familiar  Summ           38%        N/A       1%          3
i - Dispel Undead         Necr           38%        3d16      3%          4
j - Cause Fear            Hex            19%        N/A       3%          4
Your spell library was empty.

Dungeon Overview and Level Annotations

Branches:
Dungeon (11/15)            Temple (1/1) D:6            Lair (0/6) D:8
    Orc: D:9-12

Altars:
Ashenzari
Cheibriados
Dithmenos
Elyvilon
Fedhas
Gozag
Hepliaklqana
Kikubaaqudgha
Makhleb
Nemelex Xobeh
Okawaru
Qazlal
Ru
Sif Muna
Trog
Uskayaw
Vehumet
Wu Jian
Xom
Yredelemnul
Zin
The Shining One

Shops:
D:1 =   D:7 ?

Portals:
Trove: D:11 (give +2 shadow dragon scales)

Annotations:
D:5 1 runed translucent door, Crazy Yiuf
D:7 2 transporters, deadleaves's ghost, novice HOFi
D:11 Fannar


Innate Abilities, Weirdness & Mutations

You are immune to sickness and miasma.
You are immune to poison.
Your flesh is very heat resistant. (rF++)
You are vulnerable to cold. (rC-)
You float through the air rather than walking.
You learn spells naturally, not from books.
Your magical power is your life essence.
You have superior vitality. (+4 HP)


Message History

The kobold demonologist is engulfed in blazing flames.
You kill the kobold demonologist!
Yredelemnul accepts your kill.
The ynoxinul disappears in a puff of smoke!
Casting: Olgreb's Toxic Radiance (dangerous; 3% risk of failure)
Confirm with . or Enter, or press ? or * to list all spells.
You ignite the poison in your surroundings!
Fannar seems to burn from within!
Fannar is lightly wounded.
Fannar is poisoned.
Your toxic aura wanes.
Casting: Ignite Poison (safe; 1% risk of failure)
Confirm with . or Enter, or press ? or * to list all spells.
You ignite the poison in your surroundings!
Fannar seems to burn from within!!
Fannar is heavily wounded.
Fannar hits you but does no damage. Fannar freezes you!
Casting: Ignite Poison (safe; 1% risk of failure)
Confirm with . or Enter, or press ? or * to list all spells.
Okay, then.
Casting: Ignite Poison (safe; 1% risk of failure)
Confirm with . or Enter, or press ? or * to list all spells.
Fannar hits you but does no damage. Fannar freezes you.
Fannar hits your wolf with a staff of cold.
Fannar freezes your wolf!
Casting: Call Canine Familiar (safe; 1% risk of failure)
Confirm with . or Enter, or press ? or * to list all spells.
A beastly little devil appears in a puff of frigid air.
Your wolf bites Fannar but does no damage.
Your wolf barely misses Fannar.
Fannar misses your wolf.
Casting: Call Imp (safe; 1% risk of failure)
Confirm with . or Enter, or press ? or * to list all spells.
A beastly little devil appears in a puff of flame.
Your wolf closely misses Fannar.
Your wolf bites Fannar.
Fannar casts a spell.
Fannar drains the heat from the surrounding environment!
You feel a terrible chill!
Ouch! That really hurt!
You die...
Your body rises from the dead as a mindless zombie.

... ## .. #.. .. ....
#. #..# #) #...##
#.###......
######.5........
......eh@.......
##.#####5...####
#########. ###....#
.......#..###...##..#
.......................
.......###..#######.###
#......# . ###......#
#. #........# .#


You could see Fannar (ally target), a friendly wolf (summoned), a friendly
crimson imp (summoned) and a friendly white imp (summoned).

Vanquished Creatures
  2 two-headed ogres
  Pikel (D:8)
  A kobold demonologist (D:11)
  2 hornets
  A troll (D:10)
  Grinder (D:3)
  A shadow (D:9)
  6 yaks (D:10)
  A wyvern (D:10)
  A steam dragon (D:9)
  A water moccasin (D:8)
  3 orc warriors
  An ice beast (D:7)
  3 black bears
  2 sky beasts (D:8)
  An ogre (D:6)
  A phantom (D:5)
  4 centaurs
  A kobold brigand (D:10)
  4 bullfrogs
  12 killer bees
  3 howler monkeys (D:9)
  3 hounds
  2 bullfrog skeletons
  3 orc priests
  A gnoll shaman (D:8)
  3 iguanas
  5 orc wizards
  5 gnolls (D:8)
  5 adders
  A howler monkey skeleton (D:6)
  2 worms (D:2)
  2 dart slugs
  18 orcs
  3 endoplasms
  12 goblins
  11 hobgoblins
  4 jackals (D:2)
  7 kobolds
  3 quokkas
  6 ball pythons
  7 bats
  A centaur zombie (D:8)
  2 killer bee zombies (D:8)
  A rat (D:2)
160 creatures vanquished.

Vanquished Creatures (collateral kills)
  A wraith (D:10)
  2 shadows (D:10)
  A water moccasin (D:8)
  2 black bears (D:8)
  An ice beast (D:5)
  2 bullfrogs (D:8)
  A wyvern zombie (D:8)
  A centaur skeleton (D:5)
  A howler monkey zombie (D:5)
  A howler monkey skeleton (D:7)
  2 white imps (D:6)
  A kobold (D:10)
16 creatures vanquished.

Vanquished Creatures (others)
  A wyvern zombie (D:10)
  A centaur zombie (D:8)
  A black bear zombie (D:8)
  A gnoll zombie (D:8)
  3 killer bee zombies
  A water moccasin zombie (D:8)
  31 fungi (D:8)
  35 plants
74 creatures vanquished.

Grand Total: 250 creatures vanquished

Notes
Turn   | Place    | Note
-------+----------+-------------------------------------------
     0 | D:1      | bilbop the Djinni Venom Mage began the quest for the Orb.
     0 | D:1      | Reached XP level 1. HP: 15/15 MP: 0/0
    41 | D:1      | Found Piubbu Heit's Jewellery Boutique.
   267 | D:1      | Reached XP level 2. HP: 17/21 MP: 0/0
  1307 | D:1      | Reached XP level 3. HP: 19/26 MP: 0/0
  1307 | D:1      | Learned a level 1 spell: Animate Skeleton
  1983 | D:2      | Reached skill level 1 in Fighting
  2186 | D:2      | Reached skill level 1 in Invocations
  2301 | D:2      | Reached skill level 1 in Long Blades
  2371 | D:2      | Found a faded altar of an unknown god.
  2442 | D:2      | Reached XP level 4. HP: 31/32 MP: 0/0
  2960 | D:3      | Noticed a bullfrog
  2965 | D:3      | Killed a bullfrog
  2966 | D:3      | Reached skill level 3 in Spellcasting
  2966 | D:3      | Reached XP level 5. HP: 29/37 MP: 0/0
  2966 | D:3      | Learned a level 2 spell: Call Imp
  3064 | D:3      | Noticed Grinder
  3090 | D:3      | Killed Grinder
  3091 | D:3      | Reached XP level 6. HP: 5/43 MP: 0/0
  3453 | D:3      | Found a snail-covered altar of Cheibriados.
  3454 | D:3      | Found a sacrificial altar of Ru.
  3456 | D:3      | Found a hide-covered altar of Uskayaw.
  3700 | D:3      | Found a bloodstained altar of Trog.
  4719 | D:4      | Reached XP level 7. HP: 3/49 MP: 0/0
  4719 | D:4      | Learned a level 3 spell: Call Canine Familiar
  5346 | D:5      | Entered Level 5 of the Dungeon
  5354 | D:5      | Reached skill level 4 in Spellcasting
  6603 | D:5      | Found a runed translucent door.
  6604 | D:5      | Noticed Crazy Yiuf
  6750 | D:6      | Reached XP level 8. HP: 46/56 MP: 0/0
  7268 | D:6      | Found a staircase to the Ecumenical Temple.
  7275 | Temple   | Entered the Ecumenical Temple
  7428 | Temple   | Became a worshipper of Yredelemnul the Dark
  8169 | D:7      | Reached skill level 1 in Short Blades
  8232 | D:7      | Found a transporter.
  8235 | D:7      | Found a transporter.
  8239 | D:7      | Noticed deadleaves's ghost (novice HOFi)
  8241 | D:7      | Found a bloodstained altar of Trog.
  8250 | D:7      | Noticed a moth of wrath
  8261 | D:7      | Noticed a troll
  8514 | D:7      | Found Egijec's Magic Scroll Shoppe.
  8696 | D:7      | Reached skill level 5 in Spellcasting
  8926 | D:7      | Reached XP level 9. HP: 62/62 MP: 0/0
  8926 | D:7      | Learned a level 4 spell: Dispel Undead
  8938 | D:7      | Reached * piety under Yredelemnul
  9644 | D:8      | Reached skill level 6 in Spellcasting
  9783 | D:8      | Found a staircase to the Lair.
  9861 | D:8      | Reached skill level 5 in Fighting
  9861 | D:8      | Reached skill level 5 in Stealth
 10051 | D:8      | Reached skill level 5 in Invocations
 10051 | D:8      | Reached XP level 10. HP: 52/70 MP: 0/0
 10200 | D:8      | Noticed Pikel
 10204 | D:8      | Killed Pikel
 11092 | D:9      | Reached ** piety under Yredelemnul
 11093 | D:9      | Reached skill level 7 in Spellcasting
 11320 | D:9      | Noticed a two-headed ogre
 11324 | D:9      | Killed a two-headed ogre
 12003 | D:10     | Entered Level 10 of the Dungeon
 12400 | D:10     | Reached XP level 11. HP: 76/76 MP: 0/0
 12400 | D:10     | Learned a level 4 spell: Cause Fear
 12540 | D:10     | Noticed a two-headed ogre
 12545 | D:10     | Killed a two-headed ogre
 12546 | D:10     | Reached skill level 5 in Short Blades
 12581 | D:10     | Reached skill level 8 in Spellcasting
 13150 | D:11     | Found a portal to a secret trove of treasure.
 13287 | D:11     | Noticed Fannar
 13298 | D:11     | Killed from afar by Fannar

Illustrated notes

Levels and vault maps discovered:
D:1:      minmay_arrival_up_and_down, layout_basic, serial_shops, shop,
          minmay_stone_trees_large
D:2:      layout_rooms, hellmonk_ecumenical_altar_lost_god, minmay_pentomino_p2
D:3:      layout_loops_ring, nicolae_overflow_hidden_temple, uniq_grinder
D:4:      layout_basic, feat_on_display
D:5:      layout_cave_pods, nicolae_overflow_crystal_walls, minivault_4,
          uniq_crazy_yiuf_cottage
D:6:      layout_loops_ring, temple_doors_cd
D:7:      layout_basic, serial_shops, kennysheep_mini_moat,
          gammafunk_ghost_wrathful_warriors
D:8:      layout_basic, due_lair_maze_entry_diamond, uniq_pikel
D:9:      corexii_shack_village, layout_layer_cave
D:10:     layout_basic
D:11:     layout_rooms, nicolae_trove_entry_isolated, nzn_wu_jian_contemplation,
          uniq_fannar
Temple:   regret_index_temple_sphere_string

Skill      XL: |  1  2  3  4  5  6  7  8  9 10 11 |
---------------+----------------------------------+-----
Fighting       | 1 2 3 4 5 6 |  6.8
Stealth        | 2 3 4 5 6 |  6.5
Invocations    | 1 2 3 5 6 |  6.7
Long Blades    | 1 2 3 |  3.0
Spellcasting   | 3 4 5 6 7 8 |  8.0
Short Blades   | 1 3 4 5 |  5.2
Dodging        | |  2.1

Action                   |  1- 3 |  4- 6 |  7- 9 | 10-12 || total
-------------------------+-------+-------+-------+-------++-------
Melee: Dagger            |    65 |    53 |    80 |    31 ||   229
       Unarmed           |     2 |       |       |       ||     2
 Cast: Sting             |    36 |     7 |     3 |     6 ||    52
       Poisonous Vapours |     4 |    13 |    29 |    14 ||    60
       Ignite Poison     |       |     5 |    21 |    19 ||    45
       Call Imp          |       |     8 |    42 |    14 ||    64
       Mephitic Cloud    |       |     1 |     2 |     5 ||     8
       Call Canine Famil |       |       |     5 |     2 ||     7
       Olgreb's Toxic Ra |       |       |     4 |     5 ||     9
Invok: Animate Remains   |       |       |    15 |    14 ||    29
  Use: Scroll            |       |     4 |     7 |       ||    11
 Stab: Sleeping          |       |     7 |     7 |     3 ||    17
       Confused          |       |       |       |     1 ||     1
Armor: Robe              |     3 |       |       |       ||     3
       Leather armour    |    13 |    13 |    21 |     5 ||    52
       Steam dragon scal |       |       |       |     4 ||     4
Dodge: Dodged            |    52 |    23 |    57 |    16 ||   148

Table legend: (Time is in decaauts)
 A = Elapsed time spent in this place.
 B = Non-inter-level travel time spent in this place.
 C = Inter-level travel time spent in this place.
 D = Time resting spent in this place.
 E = Time spent auto-exploring this place.
 F = Levels seen in this place.
 G = Mean time per level.
                   A        B        C        D        E       F      G
               +--------+--------+--------+--------+--------+-----+--------+
         Total |  13276 |  12749 |    527 |   3329 |   8172 |  12 | 1106.3 |
       Dungeon |  13109 |  12600 |    509 |   3329 |   8026 |  11 | 1191.7 |
        Temple |    166 |    148 |     18 |      0 |    146 |   1 |  166.0 |
               +--------+--------+--------+--------+--------+-----+--------+

Top non-repeatable levels by time:
     D:1: 1673 daAuts
     D:4: 1498 daAuts
     D:7: 1462 daAuts
     D:5: 1383 daAuts
     D:8: 1353 daAuts
     D:9: 1349 daAuts
     D:3: 1121 daAuts
    D:10: 1115 daAuts
     D:2: 1048 daAuts
     D:6: 928 daAuts
    D:11: 175 daAuts
  Temple: 166 daAuts
